 Dungeon Crawl Stone Soup version 0.31.0-1-g2c135a008e (webtiles) character file.

Game seed: 12770560808939272508

139 qw the Shooter (level 5, -9/40 HPs)
             Began as a Djinni Hunter on Jan 24, 2024.
             Was an Initiate of Okawaru.
             Mangled by an ogre
             ... wielding a +0 giant club
              (22 damage)
             ... on level 4 of the Dungeon.
             The game lasted 00:00:09 (2738 turns).

qw the Shooter (Djinni Hunter)                      Turns: 2738, Time: 00:00:10

Health: -9/40      AC:  6    Str: 10    XL:     5   Next: 46%
Gold:   125        EV: 11    Int: 11    God:    Okawaru [......] SH:  0 Dex: 18

rFire   + + .        a - +1 shortbow
rCold   x . .        (shield currently unavailable)
rNeg    . . .        j - +0 ring mail
rPois   inf          (no helmet)
rElec   .            (no cloak)
rCorr   .            d - +0 pair of gloves
SInv    +            (boots unavailable)
Will    .....        (no amulet)
Stlth   +            f - ring of see invisible
HPRegen 0.26/turn    (no ring)
MPRegen 0.00/turn

%: infuse magic (-10 HP)
@: flying
A: sickness immunity, fire resistance 2, cold vulnerability 1, float, innate
caster, HP casting, extra vitality 1
a: Renounce Religion


You were on level 4 of the Dungeon.
You worshipped Okawaru.
Okawaru was noncommittal.
You visited 1 branch of the dungeon, and saw 4 of its levels.

You collected 125 gold pieces.


Innate Abilities, Weirdness & Mutations

You are immune to sickness and miasma.
You are immune to poison.
Your flesh is very heat resistant. (rF++)
You are vulnerable to cold. (rC-)
You float through the air rather than walking.
You learn spells naturally, not from books.
Your magical power is your life essence.
You have superior vitality. (+4 MHP)


   Skills:
 - Level 3.0 Fighting
 + Level 4.5 Ranged Weapons
 - Level 1.0 Armour
 - Level 2.6 Dodging
 - Level 0.7 Stealth


You knew the following spells:

 Your Spells              Type           Power      Damage    Failure   Level
a - Sting                 Conj/Alch      0%         1d3       65%         1
b - Momentum Strike       Conj/Tloc      0%         3d8       80%         2
Your spell library was empty.

Inventory:

Hand Weapons
 a - a +1 shortbow (weapon)
Armour
 d - a +0 pair of gloves (worn)
 j - a +0 ring mail (worn)
Jewellery
 f - a ring of see invisible (left hand)
Wands
 g - a wand of mindburst (17)
Scrolls
 b - 2 scrolls of teleportation
 k - a scroll of identify
Potions
 c - a potion of haste {unknown}
 e - a potion of lignification {unknown}
 h - a potion of mutation {unknown}
 i - a potion of resistance {unknown}

Dungeon Overview and Level Annotations

Branches:
Dungeon (4/15)
 Temple: D:4-7

Altars:
Ashenzari
Dithmenos
Gozag
Okawaru
Ru
Yredelemnul


Message History

HP restored.
i - a smoky emerald potion
Found 2 stones.
An orc comes into view. It is wielding a +2 trident of flaming.
The orc shouts!
You shoot an arrow. The arrow hits the orc.
The orc is lightly wounded.
You shoot an arrow. The arrow hits the orc!
You kill the orc!
Okawaru accepts your kill.
k - a scroll of identify You see here a +2 trident of flaming.
Found 4 stones.
Found a stone staircase leading up.
Enter note:
Found a stone staircase leading down.
There is a stone staircase leading down here.
You see here a dart slug corpse.
A quokka comes into view.
You shoot an arrow. The arrow hits the quokka!
You kill the quokka!
Okawaru accepts your kill.
An ogre comes into view. It is wielding a +0 giant club.
The ogre shouts!
The ogre moves out of view.
An ogre is nearby!
You shoot an arrow. The arrow hits the ogre.
The ogre is lightly wounded.
You shoot an arrow. The arrow hits the ogre!
The ogre is heavily wounded.
The ogre closely misses you.
You shoot an arrow. The arrow hits the ogre.
The ogre is severely wounded.
The ogre hits you with a +0 giant club!!
Ouch! That really hurt!
You shoot an arrow. The arrow hits the ogre.
The ogre is severely wounded.
The ogre hits you with a +0 giant club!!
Ouch! That really hurt!
You die...
PP

#.P 7P ..PP7 P ##
...7777 ... ###. .PPP..
....##########... #.....
..........<.....###.....
...........#.....##.....
#O@.#..............
#......#..........###.##
####7777..........#.....
77........##.#.##
77........#.._..
7........###.#.
7#....%..#..... #77
##.....####.## #>7
##...## #...


You could see an ogre.

Vanquished Creatures
  A hound (D:4)
  2 adders (D:2)
  7 dart slugs
  5 orcs
  7 bats
  6 endoplasms
  2 giant cockroaches (D:1)
  5 goblins
  3 hobgoblins
  8 quokkas
  8 ball pythons
  7 frilled lizards
  4 kobolds
  6 rats
71 creatures vanquished.

Notes
Turn   | Place    | Note
-------+----------+-------------------------------------------
     0 | D:1      | qw the Djinni Hunter began the quest for the Orb.
     0 | D:1      | Reached XP level 1. HP: 18/18 MP: 0/0
     0 | D:1      | 0 ||| qw: Version: 0.3-a-136-gdd3b4e8
     0 | D:1      | 0 ||| qw: Game counter: 1202
     0 | D:1      | 0 ||| qw: Melee chars always use a shield: true
     0 | D:1      | 0 ||| qw: God list: Okawaru
     0 | D:1      | 0 ||| qw: Allow faded altars: false
     0 | D:1      | 0 ||| qw: Do Orc after clearing Dungeon:15 true
     0 | D:1      | 0 ||| qw: Do second Lair branch before Depths: true
     0 | D:1      | 0 ||| qw: Lair rune preference: random
     0 | D:1      | 0 ||| qw: Goals: Normal
     0 | D:1      | 0 ||| PLANNING D:1-11
   123 | D:1      | Reached XP level 2. HP: 12/23 MP: 0/0
   123 | D:1      | HP: 5/23 [quokka (4)]
   492 | D:1      | Reached XP level 3. HP: 28/28 MP: 0/0
   492 | D:1      | Learned a level 1 spell: Sting
   513 | D:1      | Reached skill level 4 in Ranged Weapons
   611 | D:1      | 611 ||| UPGRADING to ring of see invisible.
   612 | D:1      | 612 ||| READING scroll labelled HIWEAR JONIUCVI.
   612 | D:1      | 612 ||| ENCHANTING +0 shortbow.
   613 | D:1      | 613 ||| READING scroll labelled CAETOPT MEGE.
   613 | D:1      | 613 ||| IDENTIFYING scroll labelled CIVOR VIAGHA
   614 | D:1      | 614 ||| READING scroll of enchant weapon.
   614 | D:1      | 614 ||| ENCHANTING +0 shortbow.
   615 | D:1      | 615 ||| READING scroll labelled DECAMO WETI.
   616 | D:1      | 616 ||| DROPPING scroll of butterflies.
   650 | D:2      | 650 ||| STAIRDANCE
   654 | D:2      | 654 ||| STAIRDANCE
   996 | D:2      | Reached skill level 3 in Fighting
   996 | D:2      | Reached XP level 4. HP: 30/35 MP: 0/0
  1738 | D:2      | 1738 ||| UPGRADING to +0 pair of gloves.
  1743 | D:2      | 1743 ||| UPGRADING to +0 ring mail.
  1753 | D:2      | 1753 ||| DROPPING +0 leather armour.
  1754 | D:2      | 1754 ||| READING scroll labelled NEIJUS SYMM.
  1755 | D:2      | 1755 ||| READING scroll labelled NOEGGAULAWA.
  1756 | D:2      | 1756 ||| READING scroll labelled VIACAG VIEDUSO.
  1757 | D:2      | 1757 ||| READING scroll labelled YRODIROOTI.
  1783 | D:3      | Found a shadowy altar of Dithmenos.
  1919 | D:3      | Found a broken altar of Ashenzari.
  1964 | D:3      | Found a sacrificial altar of Ru.
  2030 | D:3      | Reached skill level 1 in Armour
  2092 | D:3      | 2092 ||| FLEEEEING.
  2094 | D:3      | 2094 ||| FLEEEEING.
  2095 | D:3      | 2095 ||| FLEEEEING.
  2096 | D:3      | 2096 ||| FLEEEEING.
  2097 | D:3      | 2097 ||| FLEEEEING.
  2098 | D:3      | 2098 ||| FLEEEEING.
  2099 | D:3      | 2099 ||| FLEEEEING.
  2100 | D:3      | 2100 ||| FLEEEEING.
  2101 | D:3      | 2101 ||| FLEEEEING.
  2102 | D:3      | 2102 ||| FLEEEEING.
  2103 | D:3      | 2103 ||| FLEEEEING.
  2104 | D:3      | 2104 ||| FLEEEEING.
  2105 | D:3      | 2105 ||| FLEEEEING.
  2106 | D:3      | 2106 ||| FLEEEEING.
  2107 | D:3      | 2107 ||| FLEEEEING.
  2108 | D:3      | 2108 ||| FLEEEEING.
  2109 | D:3      | 2109 ||| FLEEEEING.
  2110 | D:3      | 2110 ||| FLEEEEING.
  2111 | D:3      | 2111 ||| FLEEEEING.
  2211 | D:3      | Reached XP level 5. HP: 40/40 MP: 0/0
  2211 | D:3      | Learned a level 2 spell: Momentum Strike
  2322 | D:3      | Found an iron altar of Okawaru.
  2323 | D:3      | 2323 ||| PLANNING OKAWARU WORSHIP
  2323 | D:3      | 2323 ||| READING scroll of identify.
  2323 | D:3      | 2323 ||| IDENTIFYING fizzy orange potion
  2324 | D:3      | 2324 ||| DROPPING potion of brilliance.
  2328 | D:3      | Became a worshipper of Warmaster Okawaru
  2329 | D:3      | 2329 ||| PLANNING D:1-11
  2337 | D:3      | Found a basalt altar of Yredelemnul.
  2435 | D:4      | Found an opulent altar of Gozag.
  2733 | D:4      | Noticed an ogre
  2738 | D:4      | Mangled by an ogre

Levels and vault maps discovered:
D:1:      dreamdust_arrival_beginning_and_end, layout_basic
D:2:      layout_basic, minmay_distorted
D:3:      layout_basic, mainiacjoe_overflow_paths,
          grunt_dithmenos_smoke_and_mirrors, mainiacjoe_overflow_big_doors,
          evilmike_ruin_ashenzari
D:4:      layout_rooms, nicolae_gozag_cash_rules_everything_around_me,
          nicolae_vehumet_altar_sigil, serial_forest,
          infiniplex_forest_clump_medium, infiniplex_forest_clump_diagonal,
          infiniplex_forest_clump_cross, infiniplex_forest_end_2,
          infiniplex_forest_clump_diagonal

Skill      XL: |  1  2  3  4 |
---------------+-------------+-----
Ranged Weapons | 4 |  4.5
Fighting       | 3 |  3.0
Armour         | 1 |  1.0
Dodging        | |  2.6
Stealth        | |  0.7

Action                     |  1- 3 |  4- 6 || total
---------------------------+-------+-------++-------
   Fire: Shortbow          |    83 |    99 ||   182
    Use: Scroll            |     4 |     5 ||     9
 Armour: Leather armour    |    31 |     1 ||    32
         Ring mail         |       |    26 ||    26
  Dodge: Dodged            |    23 |    10 ||    33

Table legend:
 A = Non-vault XP
 B = Vault XP
 C = Vault XP percentage of total XP
 D = Non-vault monster count
 E = Vault monster count
 F = Vault count percentage of total count
                 A         B        C        D         E       F
            +---------+---------+-------+---------+---------+-------
      Total |     191 |       8 |   4.0 |      68 |       3 |   4.2
            +---------+---------+-------+---------+---------+-------
        D:1 |      35 |       0 |   0.0 |      21 |       0 |   0.0
        D:2 |      54 |       8 |  12.9 |      19 |       3 |  13.6
        D:3 |      46 |       0 |   0.0 |      21 |       0 |   0.0
        D:4 |      56 |       0 |   0.0 |       7 |       0 |   0.0
            +---------+---------+-------+---------+---------+-------
